 Dungeon Crawl Stone Soup version 0.28.0-53-g5a82cb258f (webtiles) character file.

Game seed: 13110488005998236955

28 Descartes the Sneak (level 3, 0/23 HPs)
             Began as an Octopode Wanderer on June 21, 2022.
             Was a Follower of Uskayaw.
             Slain by an adder (5 damage)
             ... on level 2 of the Dungeon.
             The game lasted 00:02:12 (1732 turns).

Descartes the Sneak (Octopode Wanderer)             Turns: 1732, Time: 00:02:13

Health: 0/23       AC:  1    Str: 14    XL:     3   Next: 14%
Magic:  2/5        EV: 12    Int: 17    God:    Uskayaw [*.....]
Gold:   21         SH:  0    Dex:  7    Spells: 4/5 levels left

rFire   . . .      SeeInvis .   a - +0 club
rCold   . . .      Faith    .   (no shield)
rNeg    . . .      Spirit   .   b - +0 hat
rPois   .          Reflect  .   (no amulet)
rElec   .          Harm     .   (no ring)
rCorr   .          Rampage  .   (no ring)
Will    .....                   (no ring)
Stlth   ++++......              (no ring)
HPRegen 0.07/turn               (no ring)
MPRegen 0.09/turn               (no ring)
                                (no ring)
                                (no ring)

@: no status effects
A: almost no armour, amphibious, 8 rings, camouflage 1, gelatinous body 1,
(nimble swimmer 1), tentacles
a: Renounce Religion, Stomp


You were on level 2 of the Dungeon.
You worshipped Uskayaw.
Uskayaw was noncommittal.
You visited 1 branch of the dungeon, and saw 2 of its levels.

You collected 21 gold pieces.

Inventory:

Hand Weapons
 a - a +0 club (weapon)
Armour
 b - a +0 hat (worn)
Scrolls
 c - 2 scrolls of fear
 e - a scroll of identify {unknown}
 f - a scroll of blinking {unknown}
 g - a scroll of amnesia {unknown}
Potions
 d - a potion of curing {unknown}


   Skills:
 - Level 1.0 Fighting
 - Level 5.6 Stealth
 - Level 3.0 Unarmed Combat
 + Level 1.6 Spellcasting
 + Level 1.2 Conjurations
 + Level 1.6 Air Magic


You had 4 spell levels left.
You knew the following spells:

 Your Spells              Type           Power      Damage    Failure   Level
a - Shock                 Conj/Air       24%        1d4       11%         1

Your spell library contained the following spells:

 Spells                   Type           Power      Damage    Failure   Level
 Swiftness                Air            7%         N/A       30%         3


Dungeon Overview and Level Annotations

Branches:
Dungeon (2/15)

Altars:
Uskayaw


Innate Abilities, Weirdness & Mutations

You cannot wear most types of armour.
You are amphibious.
You can wear up to eight rings at the same time.
Your skin changes colour to match your surroundings (Stealth+).
Your rubbery body absorbs attacks. (AC +1, EV +1)
((You are camouflaged when in or above water. (Stealth+)))
You have tentacles for arms and can constrict up to eight enemies at once.


Message History

The endoplasm is almost dead.
The kobold barely misses you. The endoplasm hits you.
The kobold hits you with a +0 dagger.
You are too injured to fight recklessly!
You are too injured to fight recklessly!
You are too injured to fight recklessly!
You are too injured to fight recklessly!
You are too injured to fight recklessly!
You are too injured to fight recklessly!
You are too injured to fight recklessly!
You are too injured to fight recklessly!
You are too injured to fight recklessly!
You are too injured to fight recklessly!
You are too injured to fight recklessly!
You are too injured to fight recklessly!
You are too injured to fight recklessly!
You are too injured to fight recklessly!
You are too injured to fight recklessly!
You are too injured to fight recklessly!
You are too injured to fight recklessly!
You hit the endoplasm.
You kill the endoplasm!
The adder bites you. The kobold hits you with a +0 dagger.
You stomp with the beat, sending a shockwave through the revellers around you!
The giant cockroach is severely wounded.
You kill the kobold!
The adder is moderately wounded.
You can no longer stomp with the beat.
The adder barely misses you. The giant cockroach misses you.
You can now stomp with the beat.
You miss the adder. Your grab misses the adder. Your squeeze misses the adder.
The adder is moderately wounded.
The adder bites you.
* * * LOW HITPOINT WARNING * * *
The giant cockroach closely misses you. The adder misses you.
The giant cockroach barely misses you.
You hit the giant cockroach.
You kill the giant cockroach!
The adder bites you.
You die...

###### # ....###.###
##### #.... ...
.....####..###.####.
###......?.<........
...K............###
###.##)#.##..#.#
#@#.##†...#
.....rS†..##.####
##.##.#.#.##..
.....#.....
#.#.#.#.##.#. ...
#...##.#. .#. ..#
#.#.# . #.#


You could see an adder and a rat.

Vanquished Creatures
  A ball python (D:2)
  6 endoplasms
  3 giant cockroaches
  4 goblins (D:1)
  A hobgoblin (D:1)
  2 kobolds
  3 quokkas (D:1)
  2 bats
  A rat (D:1)
23 creatures vanquished.

Notes
Turn   | Place    | Note
-------+----------+-------------------------------------------
     0 | D:1      | Descartes the Octopode Wanderer began the quest for the
                  | Orb.
     0 | D:1      | Descartes set off with the following items: a +0 club, a +0
                  | hat, 2 scrolls of fear; and the following spell memorised:
                  | Shock; and the following spells available to memorise:
                  | Swiftness
     0 | D:1      | Reached XP level 1. HP: 13/13 MP: 2/2
   806 | D:1      | Reached XP level 2. HP: 6/18 MP: 3/3
  1329 | D:1      | Found a faded altar of an unknown god.
  1338 | D:1      | Prayed at the altar of an unknown god.
  1338 | D:1      | Became a worshipper of Uskayaw the Reveller
  1338 | D:1      | Reached * piety under Uskayaw
  1390 | D:1      | Reached skill level 1 in Conjurations
  1607 | D:1      | Reached XP level 3. HP: 21/23 MP: 5/5
  1732 | D:2      | Slain by an adder

Illustrated notes

Levels and vault maps discovered:
D:1:      lightli_arrival_flooded_house, layout_basic,
          hellmonk_ecumenical_altar_pennies_from_heaven
D:2:      layout_loops_ring, minmay_diced_spiral

Skill      XL: |  1  2 |
---------------+-------+-----
Conjurations   | 1 |  1.2
Fighting       | |  1.0
Stealth        | |  5.6
Unarmed Combat | |  3.0
Spellcasting   | |  1.6
Air Magic      | |  1.6

Action                   || total
-------------------------++-------
Melee: Club              ||    53
       Constrict         ||     7
       Tentacles         ||    15
       Punch             ||     1
Invok: Stomp             ||     1
 Stab: Sleeping          ||     7
Armor: Skin              ||     6
Dodge: Dodged            ||    42
